 Dungeon Crawl Stone Soup version 0.30-a0-782-ge64f9170bb (webtiles) character file.

Game seed: 13304518652130145574

107 Leeroy the Insei (level 4, -5/28 HPs)
             Began as an Octopode Transmuter on Feb 22, 2023.
             Slain by a black bear (8 damage)
             ... on level 4 of the Dungeon.
             The game lasted 00:02:04 (1650 turns).

Leeroy the Insei (Octopode Transmuter)              Turns: 1650, Time: 00:02:05

Health: -5/28      AC:  1    Str:  9    XL:     4   Next: 85%
Magic:  1/7        EV: 13    Int: 17    God:
Gold:   61         SH:  5    Dex: 12    Spells: 3/7 levels left

rFire   . . .      SeeInvis .      - Unarmed
rCold   . . .      Faith    .    (no shield)
rNeg    + . .      Spirit   .    (helmet currently unavailable)
rPois   .          Reflect  +    i - amulet of reflection
rElec   .          Harm     .    f - ring of positive energy
rCorr   .          Rampage  .    (no ring)
Will    .....                    (no ring)
Stlth   ++                       (no ring)
HPRegen 0.24/turn                (no ring)
MPRegen 0.10/turn                (no ring)
                                 (no ring)
                                 (no ring)

@: appendages, weak-willed
A: tentacle spike 3, almost no armour, amphibious, 8 rings, camouflage 1,
gelatinous body 1, (nimble swimmer 1), tentacles
a: End Transformation


You were on level 4 of the Dungeon.
One of your tentacles had grown a beastly spike.
You visited 1 branch of the dungeon, and saw 4 of its levels.

You collected 61 gold pieces.

Inventory:

Hand Weapons
 e - a +2 vampiric dagger
Jewellery
 f - a ring of positive energy (left tentacle)
 i - an amulet of reflection (around mantle)
Scrolls
 b - a scroll of poison {unknown}
 c - a scroll of vulnerability
 d - 2 scrolls of magic mapping {unknown}
 j - a scroll of amnesia {unknown}
 m - a scroll of fog {unknown}
 n - a scroll of acquirement {unknown}
 o - a scroll of teleportation {unknown}
Potions
 a - a potion of lignification
 g - a potion of haste {unknown}
 h - 2 potions of brilliance {unknown}
 k - 3 potions of curing {unknown}
 l - 2 potions of attraction {unknown}


   Skills:
 - Level 1.0 Fighting
 - Level 2.0 Dodging
 + Level 0.1 Shields
 + Level 5.4 Unarmed Combat
 - Level 2.0 Spellcasting
 - Level 2.0 Transmutations


You had 3 spell levels left.
You knew the following spells:

 Your Spells              Type           Power      Damage    Failure   Level
a - Beastly Appendage     Tmut           16%        N/A       9%          1
b - Spider Form           Tmut/Pois      5%         N/A       36%         3

Your spell library contained the following spells:

 Spells                   Type           Power      Damage    Failure   Level
 Wereblood                Tmut           8%         N/A       13%         2
 Apportation              Tloc           2%         N/A       19%         1
 Necrotise                Necr           4%         1d4       19%         1
 Summon Small Mammal      Summ           4%         N/A       19%         1
 Vhi's Electric Charge    Tloc/Air       2%         N/A       50%         3
 Ice Form                 Ice/Tmut       5%         N/A       77%         4
 Arcjolt                  Conj/Air       0%         1d10      99%         5
 Maxwell's Capacitive Co  Air            0%         ∞         100%        8


Dungeon Overview and Level Annotations

Branches:
Dungeon (4/15)
 Temple: D:4-7

Altars:

Shops:
D:1 [   D:2 *


Innate Abilities, Weirdness & Mutations

One of your tentacles has grown a beastly spike.
You cannot wear most types of armour.
You are amphibious.
You can wear up to eight rings at the same time.
Your skin changes colour to match your surroundings (Stealth+).
Your rubbery body absorbs attacks. (AC +1, EV +1)
((You are camouflaged when in or above water. (Stealth+)))
You have tentacles for arms and can constrict up to eight enemies at once.


Message History

You grab the black bear.
You constrict the black bear, but do no damage.
The black bear bites you. The black bear claws you. The black bear misses you.
You tentacle-slap the black bear.
The black bear is lightly wounded.
You constrict the black bear, but do no damage.
The black bear barely misses you. The black bear claws you. x2
You tentacle-slap the black bear.
The black bear is moderately wounded.
You constrict the black bear.
The black bear bites you but does no damage.
The black bear claws you. x2
* * * LOW HITPOINT WARNING * * *
Okay, then.
As you read the scroll labelled POMUUZ GORGH, it crumbles to dust.
Magic quickly surges around you.
It was a scroll of vulnerability.
You constrict the black bear. The black bear closely misses you.
The black bear barely misses you. You block the black bear's attack.
Your magical contamination has completely faded away.
Casting: Spider Form (extremely dangerous; 36% risk of failure)
Confirm with . or Enter, or press ? or * to list all spells.
Okay, then.
You aren't carrying any items that you can evoke.
Unknown command.
Casting: Spider Form (extremely dangerous; 36% risk of failure)
Confirm with . or Enter, or press ? or * to list all spells.
One of your tentacles grows a vicious spike.
You constrict the black bear. The black bear barely misses you. x3
You tentacle-slap the black bear.
You pierce the black bear, but do no damage.
The black bear is heavily wounded.
You constrict the black bear. You block the black bear's attack.
The black bear claws you.
* * * LOW HITPOINT WARNING * * *
The black bear claws you.
* * * LOW HITPOINT WARNING * * *
You tentacle-slap the black bear.
You pierce the black bear.
The black bear is severely wounded.
You constrict the black bear. The black bear bites you!
You die... # #..#### #...h@# #.#####

You could see a black bear (weak-willed).

Vanquished Creatures
  A jelly (D:3)
  3 adders
  5 dart slugs
  An orc (D:3)
  2 bats (D:1)
  7 endoplasms
  2 giant cockroaches (D:2)
  2 goblins (D:1)
  4 hobgoblins (D:1)
  A quokka (D:1)
  3 ball pythons
  4 kobolds
  4 rats
39 creatures vanquished.

Notes
Turn   | Place    | Note
-------+----------+-------------------------------------------
     0 | D:1      | Leeroy the Octopode Transmuter began the quest for the Orb.
     0 | D:1      | Reached XP level 1. HP: 13/13 MP: 3/3
   136 | D:1      | Reached XP level 2. HP: 12/18 MP: 5/5
   228 | D:1      | Found Lumelaog's Antique Armour Boutique.
   379 | D:1      | Reached skill level 4 in Unarmed Combat
   409 | D:1      | Reached XP level 3. HP: 23/23 MP: 6/6
   738 | D:2      | Found Taghybbeuts's Assorted Antiques.
  1083 | D:2      | Reached XP level 4. HP: 28/28 MP: 7/7
  1496 | D:3      | Reached skill level 5 in Unarmed Combat
  1499 | D:3      | Noticed an ice beast
  1500 | D:3      | Noticed a black bear
  1605 | D:2      | Learned a level 3 spell: Spider Form
  1650 | D:4      | Slain by a black bear

Illustrated notes

Levels and vault maps discovered:
D:1:      sevenhm_arrival_forest_fort_small_1, layout_basic, serial_shops,
          nicolae_square_shop, serial_bayou_lagoon_b
D:2:      layout_basic, serial_shops, shop, grunt_ministairs_13,
          minmay_misc_feat_cross, kennysheep_minor_cross
D:3:      layout_rooms, gammafunk_ghost_necromancy
D:4:      layout_basic, hangedman_decor_growths, minivault_5, uniq_robin,
          uniq_sigmund, uniq_menkaure

Skill      XL: |  1  2  3  4 |
---------------+-------------+-----
Unarmed Combat | 4 5 |  5.4
Fighting       | |  1.0
Dodging        | |  2.0
Shields        | |  0.1
Spellcasting   | |  2.0
Transmutations | |  2.0

Action                     |  1- 3 |  4- 6 || total
---------------------------+-------+-------++-------
  Melee: Unarmed           |    93 |    12 ||   105
         Constrict         |    21 |     2 ||    23
         Tentacles         |    14 |     2 ||    16
         Punch             |     4 |     2 ||     6
         Kick              |       |     3 ||     3
   Cast: Beastly Appendage |       |     2 ||     2
         Spider Form       |       |     1 ||     1
    Use: Scroll            |       |     1 ||     1
   Stab: Sleeping          |     7 |       ||     7
         Distracted        |     1 |       ||     1
 Armour: Skin              |     4 |     2 ||     6
  Dodge: Dodged            |    40 |    18 ||    58
  Block: Other             |     4 |     8 ||    12

Table legend: (Time is in decaauts)
 A = Elapsed time spent in this place.
 B = Non-inter-level travel time spent in this place.
 C = Inter-level travel time spent in this place.
 D = Time resting spent in this place.
 E = Time spent auto-exploring this place.
 F = Levels seen in this place.
 G = Mean time per level.
                   A        B        C        D        E       F      G
               +--------+--------+--------+--------+--------+-----+--------+
         Total |   1642 |   1535 |    107 |      0 |   1182 |   4 |  410.5 |
       Dungeon |   1642 |   1535 |    107 |      0 |   1182 |   4 |  410.5 |
               +--------+--------+--------+--------+--------+-----+--------+

Top non-repeatable levels by time:
     D:2: 860 daAuts
     D:1: 709 daAuts
     D:3: 66 daAuts
     D:4: 6 daAuts
